 Dungeon Crawl Stone Soup version 0.17-a0-1093-g0b3cd89 (webtiles) character file.

52 Hanyuu the Insei (level 3, 0/23 HPs)
             Began as an Octopode Transmuter on May 20, 2015.
             Slain by a goblin
             ... wielding a +0 club
             ... led by Robin
              (1 damage)
             ... on level 1 of the Dungeon.
             The game lasted 00:05:17 (1374 turns).

Hanyuu the Insei (Octopode Transmuter)              Turns: 1374, Time: 00:05:17

Health: 0/23       AC:  2    Str:  9    XL:     3   Next: 85%
Magic:  1/6        EV: 19    Int: 16    God:
Gold:   93         SH:  0    Dex: 17    Spells: 3 memorised, 0 levels left

rFire  + . .     SeeInvis .       - Unarmed
rCold  x . .     Clarity  .     (shield currently unavailable)
rNeg   . . .     SustAb   .     (helmet currently unavailable)
rPois  x         Gourm    .     (no amulet)
rElec  .         Spirit   .     g - ring of fire
rCorr  .         Warding  .     (no ring)
rMut   .         Stasis   .     (no ring)
MR     .....                    (no ring)
Stlth  ++........               (no ring)
                                (no ring)
                                (no ring)
                                (no ring)

@: spider-form, not resistant to hostile enchantments, unstealthy
A: almost no armour, amphibious, 8 rings, (constrict 8), (camouflage 0),
(gelatinous body 0)
a: End Transformation


You were on level 1 of the Dungeon.
You were hungry.
You were a venomous arachnid creature.
You visited 1 branch of the dungeon, and saw 2 of its levels.

You collected 93 gold pieces.

Inventory:

Missiles
 a - 12 arrows
 j - 23 sling bullets
 k - 4 tomahawks (quivered)
Jewellery
 g - a ring of fire (left front leg)
Scrolls
 f - 4 scrolls of identify {unknown}
 i - a scroll of remove curse {unknown}
 l - 2 scrolls of enchant weapon {unknown}
 m - 2 scrolls of magic mapping {unknown}
 o - a scroll of blinking {unknown}
Potions
 d - a potion of curing {unknown}
 e - a potion of ambrosia {unknown}
 h - 3 potions of haste {unknown}
Books
 b - a book of Changes

   Spells                             Type                      Level
   a - Beastly Appendage              Transmutation                1
   b - Sticks to Snakes               Transmutation                2
   c - Spider Form                    Transmutation/Poison         3
   d - Ice Form                       Ice/Transmutation            4
   e - Blade Hands                    Transmutation                5
Comestibles
 c - a bread ration
 n - 2 slices of pizza
 p - 4 chunks of flesh
 q - a meat ration


   Skills:
 - Level 1.0 Fighting
 - Level 2.0 Dodging
 + Level 4.6 Unarmed Combat
 - Level 2.0 Spellcasting
 - Level 2.0 Transmutations


You couldn't memorise any spells.
You knew the following spells:

 Your Spells              Type           Power        Failure   Level  Hunger
a - Beastly Appendage     Trmt           #.....       24%         1    #......
b - Sticks to Snakes      Trmt           #.........   32%         2    ###....
c - Spider Form           Trmt/Pois      #.........   61%         3    ###....


Dungeon Overview and Level Annotations

Branches:
Dungeon (2/15)

Altars:

Annotations:
D:2 Sigmund


Innate Abilities, Weirdness & Mutations

You cannot wear most types of armour.
You are amphibious.
You can wear up to eight rings at the same time.
((You can use your tentacles to constrict eight enemies at once.))
((Your skin changes colour to match your surroundings (Stealth).))
((Your rubbery body absorbs attacks (AC +1).))


Message History

The goblin shouts!
Your magical contamination has completely faded away.
You barely miss the goblin. Your grab misses the goblin.
The goblin closely misses you.
You tentacle-slap the goblin but do no damage.
You grab the goblin. Your squeeze misses the goblin.
You constrict the goblin, but do no damage.
You bludgeon the goblin!
You kill the goblin!
There is a stone staircase leading up here.
The goblin hits you with a club.
* * * LOW HITPOINT WARNING * * *
You climb upwards.
There is a stone staircase leading down here.
There is an open door here.
Casting: Spider Form
Confirm with . or Enter, or press ? or * to list all spells.
You turn into a venomous arachnid creature.
The goblin hits you with a club.
You die...

..# ##.##.###.####.####
### #.##.....# #.#
#.######## #.# ##'## #.#
##### ##...## #.# ....#
##.....## ###.#
.##.###......รท## ##.#.#
..#.##.........####....#
.....'.........gs......#
..#.##.........####....#
....###......>## ##.#.#
.#### ##.....## ###.# .#
##...## ##.## .# ##'##
#.#.# .# #.# #..## ##
#.# #.## ########)## #.#


You could see a goblin.

Vanquished Creatures
  Robin (D:2)
  An ooze (D:2)
  A worm (D:2)
  A giant gecko (D:1)
  2 bats
  9 goblins
  4 hobgoblins
  4 giant newts (D:1)
  3 jackals (D:1)
  4 kobolds (D:1)
  3 rats
33 creatures vanquished.

Notes
Turn   | Place    | Note
--------------------------------------------------------------
     0 | D:1      | Hanyuu the Octopode Transmuter began the quest for the Orb.
     0 | D:1      | Reached XP level 1. HP: 13/13 MP: 3/3
   183 | D:1      | Reached XP level 2. HP: 13/18 MP: 3/5
   575 | D:1      | Reached skill level 4 in Unarmed Combat
   963 | D:1      | Reached XP level 3. HP: 17/23 MP: 6/6
   967 | D:1      | Learned a level 2 spell: Sticks to Snakes
   971 | D:1      | Learned a level 3 spell: Spider Form
  1326 | D:2      | Noticed Robin
  1340 | D:2      | Noticed Sigmund
  1343 | D:2      | Killed Robin
  1369 | D:2      | HP: 1/23 [goblin/club[Robin] (4)]
  1374 | D:1      | Slain by a goblin

Vault maps used:
D:1:      ncdulo_watergridlock
D:2:      uniq_robin, uniq_sigmund

Action                   || total
-------------------------++-------
Melee: Unarmed           ||    80
 Cast: Beastly Appendage ||     3
       Spider Form       ||     2
 Stab: Sleeping          ||     2
  Eat: Chunk             ||     1
